 Dungeon Crawl Stone Soup version 0.27-a0-1591-gc56fcc985a (webtiles) character file.

Game seed: 9230167412492782867

64 robertstho the Sneak (level 4, 0/29 HPs)
             Began as an Octopode Brigand on July 19, 2021.
             Slain by Grinder (3 damage)
             ... on level 3 of the Dungeon.
             The game lasted 00:02:12 (1624 turns).

robertstho the Sneak (Octopode Brigand)             Turns: 1624, Time: 00:02:13

Health: 0/29       AC:  1    Str: 11    XL:     4   Next: 12%
Magic:  13/13      EV: 13    Int: 13    God:
Gold:   56         SH:  0    Dex: 13    Spells: 3/3 levels left

rFire    . . .     SeeInvis .   a - +2 dagger
rCold    . . .     Faith    .   (no shield)
rNeg     + . .     Spirit   .   (helmet restricted)
rPois    .         Reflect  .   (no amulet)
rElec    .         Harm     .   i - ring of magical power
rCorr    .         Rampage  .   k - ring of positive energy
Will     .....                  (no ring)
Stlth    ++++......             (no ring)
HPRegen  0.09/turn              (no ring)
MPRegen  0.13/turn              (no ring)
                                (no ring)
                                (no ring)

@: no status effects
A: almost no armour, amphibious, 8 rings, camouflage 1, gelatinous body 1,
(nimble swimmer 1), tentacles
a: no special abilities


You were on level 3 of the Dungeon.
You visited 1 branch of the dungeon, and saw 3 of its levels.

You collected 89 gold pieces.
You spent 33 gold pieces at shops.

Inventory:

Hand Weapons
 a - a +2 dagger (weapon)
 d - a +2 dagger of holy wrath
Missiles
 b - 27 poisoned darts (quivered)
 c - 2 curare-tipped darts
Jewellery
 i - a ring of magical power (left tentacle)
 k - a ring of positive energy (right tentacle)
Scrolls
 f - a scroll of amnesia {unknown}
 h - 4 scrolls of identify {unknown}
 j - a scroll of teleportation


   Skills:
 + Level 2.1 Fighting
 + Level 2.3 Short Blades
 + Level 2.1 Throwing
 + Level 1.2 Dodging
 + Level 7.1 Stealth


You had 3 spell levels left.
You didn't know any spells.
Your spell library contained the following spells:

 Spells                   Type           Power      Damage    Failure   Level
 Magic Dart               Conj           0%         1d3       30%         1
 Call Imp                 Summ           0%         N/A       43%         2
 Mephitic Cloud           Conj/Pois/Air  0%         N/A       67%         3


Dungeon Overview and Level Annotations

Branches:
Dungeon (3/15)

Altars:

Shops:
D:2 *

Annotations:
D:3 Grinder


Innate Abilities, Weirdness & Mutations

You cannot wear most types of armour.
You are amphibious.
You can wear up to eight rings at the same time.
Your skin changes colour to match your surroundings (Stealth+).
Your rubbery body absorbs attacks. (AC +1, EV +1)
((You are camouflaged near water. (Stealth+)))
You have tentacles for arms and can constrict up to eight enemies at once.


Message History

You resist with significant effort.
You hit Grinder.
Grinder is moderately wounded.
You constrict Grinder. Grinder hits you!
You writhe in agony.
Grinder barely misses you.
You are too injured to fight recklessly!
You are too injured to fight recklessly!
You aren't carrying any items that you can evoke.
It was a potion of heal wounds.
You feel much better.
You constrict Grinder, but do no damage.
Grinder struggles to blink free from constriction.
You hit Grinder but do no damage.
Grinder is moderately wounded.
You constrict Grinder. Grinder hits you!
You writhe in agony.
You hit Grinder but do no damage.
Grinder is moderately wounded.
You constrict Grinder, but do no damage.
Grinder gestures at you. Pain shoots through your body!
Grinder blinks free!
Grinder gestures at you.
You suddenly lose the ability to move!
Grinder blinks!
Grinder gestures at you. Pain shoots through your body!
You can move again.
You closely miss Grinder. You grab Grinder. You squeeze Grinder!
Grinder is heavily wounded.
You constrict Grinder. Grinder barely misses you. Grinder gestures at you.
Pain shoots through your body!
* * * LOW HITPOINT WARNING * * *
Sorry, you're not good enough to have a special ability.
Unknown command.
You hit Grinder. You squeeze Grinder.
Grinder is severely wounded.
You constrict Grinder, but do no damage.
Grinder hits you.
* * * LOW HITPOINT WARNING * * *
You writhe in agony.
You die...

### ### #.# ###.#
#.# #.#.# #.# ..#.#
########.# #.#.#
.......#.# #.#@#
.####.##.#####.#5#
.(...........#.#.#
.................#
..(........#.#.###
...........#.#.....#
.<.........#.#######
...........#.#
...........#.#


You could see Grinder (fast).

Vanquished Creatures
  2 adders
  A worm (D:2)
  A dart slug (D:3)
  2 bats (D:1)
  7 endoplasms
  2 goblins (D:2)
  5 hobgoblins
  3 jackals (D:1)
  5 kobolds
  2 quokkas (D:2)
  3 ball pythons
  A rat (D:1)
34 creatures vanquished.

Notes
Turn   | Place    | Note
-------+----------+-------------------------------------------
     0 | D:1      | robertstho the Octopode Brigand began the quest for the
                  | Orb.
     0 | D:1      | Reached XP level 1. HP: 14/14 MP: 1/1
   208 | D:1      | Reached XP level 2. HP: 19/19 MP: 2/2
   222 | D:1      | Reached skill level 6 in Stealth
   712 | D:2      | Found Fadox's General Store.
   741 | D:2      | Reached XP level 3. HP: 24/24 MP: 3/3
   880 | D:2      | Bought a scroll of teleportation for 33 gold pieces
  1357 | D:2      | Found a faded altar of an unknown god.
  1506 | D:3      | Reached skill level 7 in Stealth
  1582 | D:3      | Reached XP level 4. HP: 29/29 MP: 4/4
  1608 | D:3      | Noticed Grinder
  1618 | D:3      | Paralysed by Grinder for 5 turns
  1624 | D:3      | Slain by Grinder

Illustrated notes

Levels and vault maps discovered:
D:1:      amcnicky_arrival_feature_with_door, layout_rooms,
          minmay_misc_feat_tower, minmay_misc_feat_columns
D:2:      layout_rooms, serial_shops, shop, shapermc_ecumenical_altar_flowoftime
D:3:      layout_basic, nicolae_vehumet_altar_sigil,
          nicolae_gozag_cash_rules_everything_around_me, uniq_natasha,
          uniq_grinder, uniq_jessica

Skill      XL: |  1  2  3 |
---------------+----------+-----
Stealth        | 6 7 |  7.1
Fighting       | |  2.1
Short Blades   | |  2.3
Throwing       | |  2.1
Dodging        | |  1.2

Action                   |  1- 3 |  4- 6 || total
-------------------------+-------+-------++-------
Melee: Dagger            |    65 |     8 ||    73
       Constrict         |    15 |     2 ||    17
       Tentacles         |     8 |     3 ||    11
  Use: Potion            |     3 |     1 ||     4
 Stab: Sleeping          |    10 |       ||    10
       Distracted        |     2 |       ||     2
Armor: Skin              |     3 |       ||     3
Dodge: Dodged            |    25 |     4 ||    29

Table legend: (Time is in decaauts)
 A = Elapsed time spent in this place.
 B = Non-inter-level travel time spent in this place.
 C = Inter-level travel time spent in this place.
 D = Time resting spent in this place.
 E = Time spent auto-exploring this place.
 F = Levels seen in this place.
 G = Mean time per level.
                   A        B        C        D        E       F      G
               +--------+--------+--------+--------+--------+-----+--------+
         Total |   1596 |   1524 |     72 |      0 |   1289 |   3 |  532.0 |
       Dungeon |   1596 |   1524 |     72 |      0 |   1289 |   3 |  532.0 |
               +--------+--------+--------+--------+--------+-----+--------+

Top non-repeatable levels by time:
     D:2: 810 daAuts
     D:1: 667 daAuts
     D:3: 118 daAuts
